 Dungeon Crawl Stone Soup version 0.21.1-1-g345015f (webtiles) character file.

256 lrcuk01 the Chopper (level 5, -3/48 HPs)
             Began as a Minotaur Berserker on Feb 8, 2018.
             Was a Priest of Trog.
             Slain by Pikel
             ... wielding a +1 whip of flaming
              (5 damage)
             ... on level 2 of the Dungeon on Feb 12, 2018.
             The game lasted 00:27:17 (3511 turns).

lrcuk01 the Chopper (Minotaur Berserker)            Turns: 3511, Time: 00:27:18

Health: -3/48      AC:  9    Str: 23    XL:     5   Next: 92%
Magic:  0/4        EV:  9    Int:  8    God:    Trog [***...]
Gold:   189        SH:  0    Dex:  9    Spells: 4/4 levels left

rFire    . . .     SeeInvis .   a - +0 hand axe
rCold    . . .     Gourm    .   (no shield)
rNeg     . . .     Faith    .   d - +0 chain mail
rPois    .         Spirit   +   (helmet restricted)
rElec    .         Reflect  .   (no cloak)
rCorr    .         Harm     .   (no gloves)
MR       .....                  (no boots)
Stlth    ..........             g - amulet of guardian spirit
HPRegen  0.16/turn              i - +4 ring of intelligence
MPRegen  0.09/turn              (no ring)

@: fainting
A: retaliatory headbutt, horns 2
a: Berserk, Trog's Hand, Burn Spellbooks, Renounce Religion


You were on level 2 of the Dungeon.
You worshipped Trog.
Trog was most pleased with you.
You were fainting.

You visited 1 branch of the dungeon, and saw 4 of its levels.

You collected 189 gold pieces.

Inventory:

Hand Weapons
 a - a +0 hand axe (weapon)
Missiles
 k - a javelin (quivered)
Armour
 b - a +0 animal skin
 d - a +0 chain mail (worn)
Jewellery
 g - an amulet of guardian spirit (around neck)
 i - a +4 ring of intelligence (left hand)
 l - an uncursed ring of magical power {unknown}
Wands
 f - a wand of flame (26)
Scrolls
 e - 3 scrolls of identify
 j - 2 scrolls of remove curse
Comestibles
 c - 3 rations


   Skills:
 + Level 5.1 Fighting
 + Level 5.5 Axes
 + Level 0.1 Throwing
 + Level 4.0 Armour
 + Level 3.2 Dodging
 + Level 0.5 Stealth


You had 4 spell levels left.
You didn't know any spells.

Dungeon Overview and Level Annotations

Branches:
Dungeon (4/15)
 Temple: D:4-7

Altars:
Okawaru

Annotations:
D:2 Pikel


Innate Abilities, Weirdness & Mutations

You reflexively headbutt those who attack you in melee.
You have a pair of horns on your head.


Message History

You closely miss Pikel.
Pikel is moderately wounded.
Pikel hits you but does no damage.
You barely miss Pikel. Your headbutt misses Pikel.
Pikel is moderately wounded.
Pikel hits you with a whip of flaming.
* * * LOW HITPOINT WARNING * * *
Pikel burns you.
* * * LOW HITPOINT WARNING * * *
Pikel barely misses you.
You hit Pikel but do no damage.
Pikel is moderately wounded.
Pikel hits you with a whip of flaming.
* * * LOW HITPOINT WARNING * * *
Pikel burns you.
* * * LOW HITPOINT WARNING * * *
You miss Pikel. You headbutt Pikel, but do no damage.
Pikel is moderately wounded.
Pikel hits you with a whip of flaming.
You die...

.........._.....# #.#
....##.♣.♣.♣.♣..# #.#
................# #<#
.....#.#.♣.♣.#..########
.......................#
..........###########.##
..........# #.#
..[.[.....###########.##
.##.......#.....@K.....#
##.......##.############
##...............#
.........##.####.#
..##..#####.# #.#
..##..# #.# #.# ..##..##
#.# #.#
.......####.####.#
.......+.........#


You could see Pikel.

Vanquished Creatures
  3 slaves (D:4)
  A hound (D:4)
  4 gnolls (D:4)
  10 adders
  An ooze (D:1)
  3 worms
  2 dart slugs
  3 leopard geckos
  2 orcs
  4 bats
  A giant cockroach (D:1)
  11 goblins
  6 hobgoblins
  12 jackals
  4 kobolds
  2 quokkas (D:3)
  7 frilled lizards
  10 rats
86 creatures vanquished.

Notes
Turn   | Place    | Note
-------+----------+-------------------------------------------
     0 | D:1      | lrcuk01 the Minotaur Berserker began the quest for the Orb.
     0 | D:1      | Reached XP level 1. HP: 19/19 MP: 0/0
   142 | D:1      | Reached XP level 2. HP: 26/27 MP: 1/1
   741 | D:1      | Reached XP level 3. HP: 33/33 MP: 2/2
   947 | D:2      | Reached ** piety under Trog
  1486 | D:2      | Reached XP level 4. HP: 23/41 MP: 3/3
  1810 | D:2      | Found an iron altar of Okawaru.
  2316 | D:3      | Reached skill level 5 in Axes
  2374 | D:3      | Reached XP level 5. HP: 36/47 MP: 4/4
  2517 | D:3      | Reached skill level 5 in Fighting
  2935 | D:4      | Reached *** piety under Trog
  3050 | D:4      | Noticed a slave
  3106 | D:4      | Killed a slave
  3309 | D:4      | Noticed a slave
  3312 | D:4      | Noticed a slave
  3339 | D:4      | Killed a slave
  3348 | D:4      | Killed a slave
  3368 | D:4      | Noticed Pikel
  3374 | D:4      | Noticed a slave
  3510 | D:2      | HP: 2/48 [Pikel/whip of flaming (2)]
  3511 | D:2      | Slain by Pikel

Skill      XL: |  1  2  3  4  5 |
---------------+----------------+-----
Axes           | 4 5 |  5.5
Fighting       | 4 5 |  5.1
Armour         | 3 4 |  4.0
Dodging        | 3 |  3.2
Throwing       | |  0.1
Stealth        | |  0.5

Action                   |  1- 3 |  4- 6 || total
-------------------------+-------+-------++-------
Melee: Hand axe          |    83 |   226 ||   309
       Headbutt          |    13 |    26 ||    39
Throw: Throwing net      |       |     5 ||     5
       Javelin           |       |     3 ||     3
Evoke: Wand              |       |     1 ||     1
  Use: Scroll            |     2 |     6 ||     8
       Potion            |     2 |       ||     2
 Stab: Held in net/web   |       |     1 ||     1
  Eat: Chunk             |       |     6 ||     6
Armor: Animal skin       |    11 |       ||    11
       Chain mail        |    10 |    94 ||   104
Dodge: Dodged            |    69 |    98 ||   167
